 Dungeon Crawl Stone Soup version 0.13-a0-1804-g486adc7 (webtiles) character file.

869 JacquesDerrida the Spear-Bearer (level 7, -7/40 HPs)
             Began as a Tengu Gladiator on June 24, 2013.
             Mangled by Pikel
             ... wielding a +2,+0 whip of electrocution
              (17 damage)
             ... on Level 4 of the Dungeon.
             The game lasted 00:06:59 (2815 turns).

JacquesDerrida the Spear-Bearer (Tengu Gladiator)   Turns: 2815, Time: 00:06:59

HP  -7/40        AC  6     Str 15 (16) XL: 7   Next: 55%
MP   8/8         EV 12     Int 13      God:
Gold 212         SH  0     Dex 16      Spells:  0 memorised,  6 levels left

Res.Fire  : . . .   See Invis. : .   a - +0 trident
Res.Cold  : . . .   Warding    : .   b - +0 leather armour
Life Prot.: . . .   Conserve   : .   (no shield)
Res.Poison: .       Res.Corr.  : .   c - +0 cap
Res.Elec. : .       Clarity    : .   (no cloak)
Sust.Abil.: . .     Spirit.Shd : .   g - +2 pair of gloves
Res.Mut.  : .       Stasis     : .   (boots unavailable)
Res.Rott. : .       Flight     : .   l - amulet of faith
Saprovore : . . .                    m - +2 ring of dexterity
                                     h - +3 ring of intelligence

@: slightly resistant to hostile enchantments, unstealthy
A: able to fly, beak, talons 3
a: Fly


You were on level 4 of the Dungeon.
You were not hungry.

You visited 1 branch of the dungeon, and saw 4 of its levels.

You collected 192 gold pieces.

Inventory:

Hand weapons
 a - a +0,+0 trident (weapon)
Missiles
 d - 3 throwing nets (quivered)
Armour
 b - a +0 leather armour (worn)
 c - a +0 cap (worn)
 g - a +2 pair of gloves (worn)
Comestibles
 f - 5 bread rations
 i - an apricot
 j - 2 pears
 k - a chunk of goblin flesh
 n - a meat ration
 o - a rotting chunk of worker ant flesh
 s - a banana
 u - 2 chunks of worker ant flesh
Scrolls
 e - 4 scrolls of identify
 q - 3 scrolls of teleportation
Jewellery
 h - a +3 ring of intelligence (left hand)
 l - an amulet of faith (around neck)
 m - a +2 ring of dexterity (right hand)
 p - an uncursed ring of life protection {unknown}
Potions
 t - a potion of curing


   Skills:
 - Level 2.0 Fighting
 + Level 9.3 Polearms
 - Level 2.1 Throwing
 - Level 3.2 Dodging


You had 6 spell levels left.
You didn't know any spells.

Dungeon Overview and Level Annotations

Branches:
Dungeon (4/27)
 Temple: D:4-7

Altars:
Nemelex Xobeh
Sif Muna

Annotations
D:4 Pikel


Innate Abilities, Weirdness & Mutations

You can fly.
You have a beak for a mouth.
You have claws for feet.


Message History

An adder comes into view.
You don't know any spells.
Attack whom?
Press: ? - help, Dir - move target cursor, f - Pikel, p - slave
Aim: Pikel, wielding a glowing whip and wearing an elven robe (moving very quickly)
You reach to attack!
You hit Pikel.
Pikel is lightly wounded.
You closely miss Pikel. You peck Pikel, but do no damage.
Pikel is lightly wounded.
Pikel hits you with a glowing whip.
You are electrocuted!
Ouch! That really hurt!
* * * LOW HITPOINT WARNING * * *
Read which item? (? for menu, Esc to quit)
Okay, then.
Drink which item? (? for menu, Esc to quit)
Okay, then.
Pikel hits you with a whip of electrocution.
* * * LOW HITPOINT WARNING * * *
You are electrocuted!
You die...

#....(...........,,,,,,,,,,,,,*
#..........#####*************,
#..........# *,* #..........#
#########*****##.##
#..........#
#@..@.@@.S,,,......
#########..#
#@#***********#.... #%.# #.#
###### #....
######..###K###....# #####
#...........@......##########
#.....%......................
#.......)##.###..............
###..%.%.....##....#....#####
####..........##....#....#
#.............##....#....#
#.##..........##....#....# #
*####.......#######...<#
*###.#####.......# #...%#


You could see Pikel and 2 slaves.

Vanquished Creatures
  Grinder (D:3)
  Sigmund (D:2)
  A giant frog skeleton (D:4)
  2 hounds (D:4)
  5 worker ants (D:4)
  4 adders
  2 giant mites
  A worm (D:3)
  A giant eyeball (D:4)
  A giant mite zombie (D:3)
  3 giant geckos
  An ooze (D:1)
  4 orcs
  2 giant cockroaches
  8 goblins
  7 hobgoblins
  7 jackals
  6 kobolds
  9 bats
  A giant newt (D:3)
  9 rats
76 creatures vanquished.

Notes
Turn   | Place    | Note
--------------------------------------------------------------
     0 | D:1      | JacquesDerrida, the Tengu Gladiator, began the quest for the Orb.
     0 | D:1      | Reached XP level 1. HP: 13/13 MP: 0/0
   170 | D:1      | Reached XP level 2. HP: 13/18 MP: 2/2
   280 | D:1      | Reached skill level 4 in Polearms
   305 | D:1      | Found a sparkling altar of Nemelex Xobeh.
   751 | D:1      | Reached XP level 3. HP: 22/22 MP: 3/3
   993 | D:2      | Noticed Sigmund
  1007 | D:2      | HP: 1/22 [Sigmund/puff of flame (8)]
  1011 | D:2      | Killed Sigmund
  1011 | D:2      | Reached skill level 6 in Polearms
  1011 | D:2      | Reached XP level 4. HP: 14/28 MP: 4/4
  1011 | D:2      | Reached XP level 5. HP: 16/32 MP: 6/6
  1453 | D:3      | Noticed Grinder
  1470 | D:3      | Killed Grinder
  1470 | D:3      | Reached skill level 7 in Polearms
  1470 | D:3      | Reached XP level 6. HP: 10/36 MP: 7/7
  1703 | D:3      | Reached skill level 8 in Polearms
  2217 | D:3      | Found a deep blue altar of Sif Muna.
  2287 | D:4      | Reached XP level 7. HP: 36/40 MP: 8/8
  2540 | D:4      | Reached skill level 9 in Polearms
  2805 | D:4      | Noticed Pikel
  2815 | D:4      | Mangled by Pikel

Action                   |  1- 3 |  4- 6 |  7- 9 || total
-------------------------+-------+-------+-------++-------
Melee: Trident           |    90 |    84 |    69 ||   243
  Use: Scroll            |     3 |       |     4 ||     7
       Potion            |     3 |     3 |     1 ||     7
 Stab: Sleeping          |     1 |     1 |       ||     2
